 Dungeon Crawl Stone Soup version 0.31.0-11-ge490571c62 (webtiles) character file.

Game seed: 14869716122846777776

65 Rassilon the Insei (level 3, -5/29 HPs)
             Began as a Demonspawn Monk on Feb 1, 2024.
             Slain by Edmund
             ... wielding a +2 heavy dire flail
              (21 damage)
             ... on level 4 of the Dungeon.
             The game lasted 00:05:40 (1009 turns).

Rassilon the Insei (Demonspawn Monk)                Turns: 1009, Time: 00:05:42

Health: -5/29      AC:  6    Str: 13    XL:     3   Next: 92%
Magic:  3/3        EV: 13    Int: 10    God:
Gold:   74         SH:  0    Dex: 15    Spells: 2/2 levels left

rFire   . .          .
                       - Unarmed
rCold   . . .        (no shield)
rNeg    . . .        a - +0 robe
rPois   .            (no helmet)
rElec   .            (no cloak)
rCorr   .            i - +0 pair of gloves
SInv    .            e - +2 pair of boots
Will    .....        (no amulet)
Stlth   +            (no ring)
HPRegen 0.24/turn    (no ring)
MPRegen 0.08/turn

%: no passive effects
@: attractive
A: spiny 1
a: no special abilities


You were on level 4 of the Dungeon.
You visited 1 branch of the dungeon, and saw 3 of its levels.

You collected 74 gold pieces.

Inventory:

Armour
 a - a +0 robe (worn)
 e - a +2 pair of boots (worn)
 i - a +0 pair of gloves (worn)
Scrolls
 g - a scroll of identify {unknown}
 h - a scroll of immolation {unknown}
Potions
 b - a potion of ambrosia
 d - a potion of attraction
 f - a potion of curing {unknown}


   Skills:
 + Level 3.4 Fighting
 + Level 1.3 Throwing
 + Level 3.1 Dodging
 * Level 3.4 Unarmed Combat


You had 2 spell levels left.
You didn't know any spells.
Your spell library was empty.

Dungeon Overview and Level Annotations

Branches:
Dungeon (2/15)

Altars:

Shops:
D:2 (

Annotations:
D:4 Edmund


Innate Abilities, Weirdness & Mutations

You are partially covered in sharp spines.


Message History

You hit the quokka but do no damage.
The quokka is almost dead.
The quokka is struck by your spines.
You kill the quokka!
You open the door.
There is an open door here.
You see here a rat corpse.
You open the door.
There is an open door here.
Found a stone staircase leading down.
Found an escape hatch in the ceiling.
There is a stone staircase leading down here.
Found Xojoq's Antique Weapon Shop.
Found an escape hatch in the floor.
The kobold shouts!
There is an escape hatch in the ceiling here.
As you open the door, it creaks loudly!
A malevolent force fills the Dungeon...
You fall into a shaft and drop 2 floors!
The shaft crumbles and collapses.
A kobold comes into view. It is wielding a +0 dagger.
A kobold is nearby!
The kobold shouts!
Edmund the Younger comes into view.
He is wielding a +2 heavy dire flail.
Edmund shouts!
Edmund mutters, "Who needs spells, anyway?"
You hit Edmund but do no damage. Edmund closely misses you.
You hit Edmund.
Edmund is lightly wounded.
It was a potion of attraction.
You feel attractive to monsters. Edmund is struck by your spines.
Edmund hits you with a +2 heavy dire flail!
The kobold is struck by your spines. The kobold closely misses you.
You hit Edmund.
Edmund is lightly wounded.
Edmund is struck by your spines.
Edmund hits you with a +2 heavy dire flail!!
Ouch! That really hurt!
You die...
Edmund says, "I'd like to see a scythe do that!"

##### .###...##
.###....## #####
..##..#@K## #...#
..$#..##@.###.#.#
#....###..##..#.#
#....###..##.##.#
#...####..#..# .#
########....## ..
##...# #. ##.## .
..# ##..


You could see Edmund and a kobold.

Vanquished Creatures
  An adder (D:2)
  2 dart slugs (D:1)
  2 ribbon worms (D:2)
  A ball python (D:1)
  5 bats (D:1)
  2 endoplasms (D:1)
  7 giant cockroaches
  5 goblins
  2 hobgoblins
  3 jackals (D:2)
  2 quokkas
  4 kobolds
  7 rats
43 creatures vanquished.

Notes
Turn   | Place    | Note
-------+----------+-------------------------------------------
     0 | D:1      | Rassilon the Demonspawn Monk began the quest for the Orb.
     0 | D:1      | Reached XP level 1. HP: 18/18 MP: 1/1
   113 | D:1      | Gained mutation: You are partially covered in sharp spines.
                  | [demonic ancestry]
   113 | D:1      | Reached XP level 2. HP: 24/24 MP: 2/2
   399 | D:1      | Reached XP level 3. HP: 29/29 MP: 3/3
   547 | D:1      | Reached skill level 1 in Throwing
   719 | D:2      | Found a faded altar of an unknown god.
   922 | D:2      | Found Xojoq's Antique Weapon Shop.
   984 | D:2      | You fall into a shaft and drop 2 floors!
   999 | D:4      | Noticed Edmund
  1009 | D:4      | Slain by Edmund

Illustrated notes

Levels and vault maps discovered:
D:1:      psy_arrival_statuary, layout_basic
D:2:      layout_basic, serial_shops, nicolae_shop_tiny_glass,
          dilly_ecumenical_altar_fadedgnrine
D:4:      cheibrodos_barr_body, layout_loops_ring, mainiacjoe_overflow_chevrons,
          st_stairs_9, minmay_hedge_maze, hangedman_glass_teeth, uniq_edmund,
          uniq_natasha, uniq_duvessa

Skill      XL: |  1  2  3 |
---------------+----------+-----
Unarmed Combat | 3 |  3.4
Throwing       | 1 |  1.3
Dodging        | 3 |  3.1
Fighting       | |  3.4

Action                     || total
---------------------------++-------
  Melee: Unarmed           ||    74
  Throw: Boomerang         ||    71
    Use: Potion            ||     1
   Stab: Sleeping          ||     4
 Armour: Robe              ||    32
  Dodge: Dodged            ||    37
